 Dungeon Crawl Stone Soup version 0.28-a0-410-gbef64dd269 (webtiles) character file.

Game seed: 18018078226936548082

214 heikuro the Skirmisher (level 6, -3/48 HPs)
             Began as a Formicid Abyssal Knight on Sept 6, 2021.
             Was a Believer of Lugonu.
             Slain by a bullfrog zombie (5 damage)
             ... on level 6 of the Dungeon.
             The game lasted 00:06:42 (4503 turns).

heikuro the Skirmisher (Formicid Abyssal Knight)    Turns: 4503, Time: 00:06:43

Health: -3/48      AC:  9    Str: 19    XL:     6   Next: 14%
Magic:  8/8        EV:  7    Int: 11    God:    Lugonu [**....]
Gold:   48         SH:  3    Dex: 10    Spells: 5/5 levels left

rFire   . . .      SeeInvis +   a - +1 falchion
rCold   . . .      Faith    .   v - +0 buckler
rNeg    . . .      Spirit   .   n - +0 chain mail
rPois   .          Reflect  .   (helmet unavailable)
rElec   .          Harm     .   (no cloak)
rCorr   .          Rampage  .   (no gloves)
Will    .....                   (no boots)
Stlth   ..........              (no amulet)
HPRegen 0.16/turn               (no ring)
MPRegen 0.11/turn               (no ring)

@: no status effects
A: permanent stasis, dig shafts and tunnels, antennae 3, four strong arms
a: Dig, Shaft Self, Renounce Religion, Depart the Abyss, Bend Space


You were on level 6 of the Dungeon.
You worshipped Lugonu.
Lugonu was pleased with you.
You visited 1 branch of the dungeon, and saw 5 of its levels.
You visited the Abyss 1 time.

You collected 147 gold pieces.
You spent 99 gold pieces at shops.

Inventory:

Hand Weapons
 a - a +1 falchion (weapon)
 b - a +0 hunting sling
Missiles
 j - 21 sling bullets
 r - 14 poisoned darts
 t - 5 atropa-tipped darts
Armour
 n - a +0 chain mail (worn)
 v - a +0 buckler (worn)
Jewellery
 p - a ring of poison resistance
 u - a ring of magical power
Scrolls
 h - 3 scrolls of identify {unknown}
 i - a scroll of magic mapping {unknown}
 k - a scroll of vulnerability {unknown}
 l - a scroll of noise {unknown}
 m - a scroll of immolation {unknown}
 o - a scroll of silence {unknown}
Potions
 c - a potion of lignification {unknown}
 d - a potion of brilliance {unknown}
 e - 2 potions of flight {unknown}
 f - a potion of might {unknown}
 g - a potion of haste {unknown}
 q - a potion of attraction {unknown}
 w - a potion of berserk rage {unknown}
Miscellaneous
 s - a piece from Xom's chessboard (15/15)


   Skills:
 + Level 4.2 Fighting
 * Level 3.8 Long Blades
 + Level 1.0 Slings
 + Level 3.4 Armour
 - Level 1.0 Dodging
 * Level 0.6 Shields
 + Level 3.5 Invocations


You had 5 spell levels left.
You didn't know any spells.
Your spell library contained the following spells:

 Spells                   Type           Power      Damage    Failure   Level
 Passwall                 Tmut/Erth      0%         N/A       100%        2
 Gell's Gravitas          Tloc           0%         N/A       100%        3
 Lesser Beckoning         Tloc           0%         N/A       100%        3
 Teleport Other           Tloc           0%         N/A       100%        3
 Invisibility             Hex            0%         N/A       100%        6
 Swiftness                Air            Unusable   N/A       N/A         3

Dungeon Overview and Level Annotations

Branches:
Dungeon (4/15)             Temple (0/1) D:4

Altars:
Nemelex Xobeh
Xom

Shops:
D:3 [


Innate Abilities, Weirdness & Mutations

You cannot be hasted, slowed, berserked, paralysed or teleported.
You can dig through walls and to a lower floor.
You have a pair of large antennae on your head. (SInv)
Your four strong arms can wield two-handed weapons with a shield.


Message History

You dig through the rock wall.
You feel very sick.
You dig through the rock wall.
You feel very sick.
You retract your mandibles.
You feel very sick.
You feel sick.
You extend your mandibles.
You dig through the rock wall.
You feel very sick.
You dig through the rock wall.
You feel sick.
You dig through the rock wall.
You feel sick.
Are you sure you want to shaft yourself?
You feel sick. The water moccasin barely misses you.
You begin to dig a shaft.
You continue digging a shaft.
You feel sick.
The water moccasin bites you but does no damage.
The water moccasin barely misses you. A shaft appears beneath you!
You fall into a shaft and drop 2 floors!
The shaft crumbles and collapses.
You feel sick.
Found a lumpy silvery potion.
Found a stone staircase leading down.
You retract your mandibles.
You feel sick.
You are no longer poisoned.
a - a +1 falchion (weapon)
The bullfrog zombie hits you.
* * * LOW HITPOINT WARNING * * *
You hit the bullfrog zombie.
The bullfrog zombie is lightly damaged.
The bullfrog zombie hits you.
* * * LOW HITPOINT WARNING * * *
You completely miss the bullfrog zombie.
The bullfrog zombie is lightly damaged.
The bullfrog zombie hits you but does no damage.
The bullfrog zombie hits you.
* * * LOW HITPOINT WARNING * * *
You completely miss the bullfrog zombie.
The bullfrog zombie is lightly damaged.
The bullfrog zombie hits you.
You die...

.#.
...>######
..........
...#.#...#
.........#
.........#
.......Z.#
......!.@#
######.###
#. #. #.
#. #. ..


You could see a bullfrog zombie.

Vanquished Creatures
  A water moccasin zombie (D:3)
  A jelly (D:4)
  4 adders
  3 gnolls
  2 dart slugs (D:3)
  An orc (D:3)
  A bat (D:1)
  7 endoplasms
  2 giant cockroaches (D:1)
  5 goblins
  7 hobgoblins
  8 jackals
  4 kobolds
  2 ball pythons
  4 frilled lizards
  7 rats
59 creatures vanquished.

Vanquished Creatures (others)
  3 plants (D:1)
3 creatures vanquished.

Grand Total: 62 creatures vanquished

Notes
Turn   | Place    | Note
-------+----------+-------------------------------------------
     0 | Abyss:1  | heikuro the Formicid Abyssal Knight began the quest for the
                  | Orb.
     0 | Abyss:1  | Reached XP level 1. HP: 18/18 MP: 2/2
    64 | Abyss:1  | Found a viscous altar of Jiyva.
   206 | Abyss:1  | Noticed a crimson imp
   214 | Abyss:1  | Noticed a spatial vortex
   214 | Abyss:1  | Noticed a spatial vortex
   216 | Abyss:1  | Noticed a spatial vortex
   216 | D:1      | Escaped the Abyss
   405 | D:1      | Reached skill level 1 in Dodging
   514 | D:1      | Reached XP level 2. HP: 24/24 MP: 3/3
   649 | D:1      | Reached * piety under Lugonu
   918 | D:1      | Reached XP level 3. HP: 10/29 MP: 4/4
   925 | D:1      | HP: 1/29 [frozen (5)]
  1878 | D:2      | Reached XP level 4. HP: 25/37 MP: 6/6
  1993 | D:2      | Found a faded altar of an unknown god.
  2381 | D:2      | Found a shimmering altar of Xom.
  2757 | D:2      | Reached ** piety under Lugonu
  2985 | D:2      | Reached XP level 5. HP: 18/42 MP: 7/7
  3697 | D:3      | Found a shimmering altar of Xom.
  3728 | D:3      | Reached skill level 4 in Fighting
  4129 | D:3      | Found a sparkling altar of Nemelex Xobeh.
  4209 | D:3      | Found Lipsiaw's Antique Armour Boutique.
  4217 | D:3      | Bought a buckler for 99 gold pieces
  4423 | D:4      | Reached skill level 1 in Slings
  4423 | D:4      | Reached XP level 6. HP: 48/48 MP: 8/8
  4475 | D:4      | Found a staircase to the Ecumenical Temple.
  4478 | D:4      | Noticed a water moccasin
  4494 | D:4      | You fall into a shaft and drop 2 floors!
  4502 | D:6      | HP: 2/48 [bullfrog zombie (4)]
  4503 | D:6      | Slain by a bullfrog zombie

Illustrated notes

Levels and vault maps discovered:
D:1:      heliophobic_arrival_ceremonial_halls, layout_basic, serial_bayou,
          serial_bayou_crossing, serial_bayou_pond_a, serial_bayou_pond_b,
          serial_bayou_pond_c, minmay_distorted
D:2:      layout_loops_cross, hellmonk_ecumenical_altar_dog_temple, basic_altar,
          minmay_misc_feat_x, eino_tiny_chamber, kennysheep_nondescript
D:3:      layout_loops_cross, xom_butterflies, mainiacjoe_overflow_alcove_2,
          serial_shops, shop
D:4:      layout_loops_corners, fedhas_altar_decomposition,
          minmay_temple_entry_grid
D:6:      minmay_cornered_nines, layout_rooms, general_overflow_altar,
          uniq_edmund

Skill      XL: |  1  2  3  4  5 |
---------------+----------------+-----
Dodging        | 1 |  1.0
Long Blades    | 3 |  3.8
Invocations    | 3 |  3.5
Armour         | 3 |  3.4
Fighting       | 4 |  4.2
Slings         | 1 |  1.0
Shields        | |  0.6

Action                   |  1- 3 |  4- 6 || total
-------------------------+-------+-------++-------
Melee: Falchion          |   124 |    83 ||   207
 Fire: Hunting sling     |       |    13 ||    13
Invok: Depart the Abyss  |     1 |       ||     1
 Abil: Dig               |       |     3 ||     3
       Shaft Self        |       |     1 ||     1
Armor: Leather armour    |    23 |       ||    23
       Scale mail        |    17 |    17 ||    34
       Chain mail        |       |    16 ||    16
Dodge: Dodged            |    68 |    35 ||   103

Table legend: (Time is in decaauts)
 A = Elapsed time spent in this place.
 B = Non-inter-level travel time spent in this place.
 C = Inter-level travel time spent in this place.
 D = Time resting spent in this place.
 E = Time spent auto-exploring this place.
 F = Levels seen in this place.
 G = Mean time per level.
                   A        B        C        D        E       F      G
               +--------+--------+--------+--------+--------+-----+--------+
         Total |   4549 |   4287 |    262 |   1097 |   2336 |   6 |  758.2 |
       Dungeon |   4333 |   4071 |    262 |   1097 |   2143 |   5 |  866.6 |
         Abyss |    216 |    216 |      0 |      0 |    193 |   1 |  216.0 |
               +--------+--------+--------+--------+--------+-----+--------+

Top non-repeatable levels by time:
     D:1: 1782 daAuts
     D:2: 1599 daAuts
     D:3: 761 daAuts
 Abyss:1: 216 daAuts
     D:4: 181 daAuts
     D:6: 8 daAuts
